 Dungeon Crawl Stone Soup version 0.30-a0-451-ge042605de7 (webtiles) character file.

Game seed: 11414128321395510463

743 NinjaNoafa the Magician (level 7, -4/36 HPs)
             Began as a Gargoyle Earth Elementalist on Dec 11, 2022.
             Was an Initiate of Gozag.
             Slain by a wraith (5 damage)
             ... in an ossuary.
             The game lasted 00:12:40 (4947 turns).

NinjaNoafa the Magician (GrEE)                      Turns: 4947, Time: 00:12:40

Health: -4/36      AC: 10    Str: 12    XL:     7   Next: 76%
Magic:  5/14       EV: 11    Int: 17    God:    Gozag
Gold:   331        SH:  0    Dex: 10    Spells: 10/16 levels left

rFire   . . .      SeeInvis .    t - staff of conjuration
rCold   . . .      Faith    .    m - orb {light}
rNeg    + . .      Spirit   .    a - +0 robe
rPois   ∞          Reflect  .    v - +2 helmet
rElec   +          Harm     .    (no cloak)
rCorr   .          Rampage  .    d - +0 pair of gloves
Will    .....                    (no boots)
Stlth   +.........               I - amulet of magic regeneration
HPRegen 0.26/turn                (no ring)
MPRegen 0.54/turn                (no ring)

@: slowed, glowing, very slow
A: sickness immunity, AC +4, negative energy resistance 1, electricity
resistance, torment resistance 1, petrification resistance
a: Renounce Religion, Potion Petition, Call Merchant, Bribe Branch


You were in an ossuary.
You worshipped Gozag.
Gozag was aware of your devotion.
You visited 1 branch of the dungeon, and saw 5 of its levels.
You also visited: Ossuary.

You collected 421 gold pieces.
You paid 90 gold pieces to Gozag.

Inventory:

Missiles
 b - 5 javelins
 i - 13 stones
 x - 2 poisoned darts
 y - a boomerang
Armour
 a - a +0 robe (worn)
 d - a +0 pair of gloves (worn)
 m - an orb of light (worn)
 v - a +2 helmet (worn)
 A - a +0 kite shield
Magical Staves
 t - a staff of conjuration (weapon)
Jewellery
 I - an amulet of magic regeneration (around neck)
Wands
 u - a wand of digging (7)
 B - a wand of mindburst (4)
 G - a wand of paralysis (13)
Scrolls
 e - a scroll of butterflies {unknown}
 g - 3 scrolls of teleportation {unknown}
 h - 3 scrolls of enchant weapon {unknown}
 l - 8 scrolls of identify {unknown}
 p - a scroll of noise {unknown}
 q - a scroll of blinking {unknown}
 r - 3 scrolls of poison {unknown}
 w - 2 scrolls of magic mapping {unknown}
 E - a scroll of immolation {unknown}
 J - a scroll of vulnerability {unknown}
Potions
 c - 4 potions of attraction {unknown}
 f - 2 potions of lignification {unknown}
 j - a potion of curing {unknown}
 k - a potion of berserk rage {unknown}
 n - a potion of resistance {unknown}
 o - 2 potions of degeneration {unknown}
 s - 3 potions of mutation {unknown}
 z - 3 potions of invisibility {unknown}
 C - a potion of might
 D - 2 potions of brilliance {unknown}
 F - a potion of heal wounds {unknown}
 H - a potion of flight {unknown}


   Skills:
 - Level 1.5 Dodging
 - Level 2.1 Stealth
 - Level 5.0 Spellcasting
 - Level 5.0 Conjurations
 + Level 2.9 Transmutations
 - Level 5.0 Earth Magic


You had 10 spell levels left.
You knew the following spells:

 Your Spells              Type           Power      Damage    Failure   Level
a - Sandblast             Erth           42%        2d11      1%          1
b - Passwall              Tmut/Erth      14%        N/A       4%          2
c - Stone Arrow           Conj/Erth      62%        3d10      5%          3

Your spell library contained the following spells:

 Spells                   Type           Power      Damage    Failure   Level
 Beastly Appendage        Tmut           28%        N/A       4%          1
 Kiss of Death            Conj/Necr      76%        2d11      4%          1
 Wereblood                Tmut           14%        N/A       6%          2
 Spider Form              Tmut/Pois      9%         N/A       24%         3
 Petrify                  Tmut/Erth      17%        N/A       28%         4
 Confusing Touch          Hex            4%         N/A       38%         3
 Dispel Undead            Necr           4%         3d7       80%         4


Dungeon Overview and Level Annotations

Branches:
Dungeon (5/15)            Ossuary (1/1)
 Temple: D:4-7

Altars:
Ashenzari
Gozag
Ru
Sif Muna
Yredelemnul
The Shining One


Innate Abilities, Weirdness & Mutations

You are immune to sickness and miasma.
Your stone body is resilient. (AC +4)
You are immune to poison.
You resist negative energy. (rN+)
You are resistant to electric shocks. (rElec)
You are resistant to unholy torment.
You are immune to petrification.


Message History

The wraith completely misses you. The wraith hits you.
The wraith drains your vigour!
You feel as though you will be slow longer.
You finish merging with the rock.
Casting: Passwall (safe; 4% risk of failure)
Confirm with . or Enter, or press ? or * to list all spells.
Aiming: Stone Arrow (dangerous; 5% risk of failure)
Press: ? - help, Shift-Dir - straight line, f - wraith
Aim: a wraith (haloed, 82% to hit)
You feel a surge of power!
The stone arrow misses the wraith.
Casting: Stone Arrow (dangerous; 5% risk of failure)
Confirm with . or Enter, or press ? or * to list all spells.
Aiming: Stone Arrow (dangerous; 5% risk of failure)
Press: ? - help, Shift-Dir - straight line, f/p - wraith
Aim: a wraith (haloed, 82% to hit)
You feel a surge of power!
The stone arrow hits the wraith!
The wraith is moderately damaged.
The wraith hits you! The wraith drains your vigour!
You feel as though you will be slow longer.
The wraith barely misses you.
Casting: Stone Arrow (dangerous; 5% risk of failure)
Confirm with . or Enter, or press ? or * to list all spells.
Aiming: Stone Arrow (dangerous; 5% risk of failure)
Press: ? - help, Shift-Dir - straight line, f/p - wraith
Aim: a wraith (moderately damaged, haloed, 82% to hit)
You feel a surge of power!
The stone arrow misses the wraith.
The wraith hits you! The wraith drains your vigour!
You feel as though you will be slow longer.
Casting: Stone Arrow (dangerous; 5% risk of failure)
Confirm with . or Enter, or press ? or * to list all spells.
Aiming: Stone Arrow (dangerous; 5% risk of failure)
Press: ? - help, Shift-Dir - straight line, f/p - wraith
Aim: a wraith (moderately damaged, haloed, 82% to hit)
You feel a surge of power!
The stone arrow hits the wraith!
The wraith is heavily damaged.
The wraith hits you!
* * * LOW HITPOINT WARNING * * *
The wraith hits you.
You die...
Your body crumbles into a pile of gold.

W#...∩.∩...#W#
###.......#### ##.....##
##...##
########'''#############
.......................#
.............W.........#
#..###..###..###W.###..
#..#.#..#.#..#!#@.#
#..#'#..#'#..#W#..#
#..#.#..#.#.W#.#..#.#
......................
......................
##......###......####.
'...8...#.#...8...+ .#
##......#'#......####..#
........#.#............#


You could see a wraith.

Vanquished Creatures
  Menkaure (D:4)
  An elf zombie (Ossuary)
  A necrophage (D:5)
  A scorpion (D:4)
  A hound (D:5)
  A human zombie (Ossuary)
  Ijyb (D:4)
  An iguana (D:4)
  Natasha (thrice) (D:2)
  An orc wizard (D:3)
  3 mummies (Ossuary)
  8 adders
  An ufetubus (D:4)
  A worm (D:3)
  4 dart slugs
  10 orcs
  4 ball pythons
  5 bats
  5 endoplasms
  A gnoll zombie (D:5)
  11 goblins
  10 hobgoblins
  3 kobolds
  5 quokkas
  5 frilled lizards
  3 goblin zombies (Ossuary)
  6 hobgoblin zombies (Ossuary)
  2 kobold zombies (Ossuary)
  6 rats
105 creatures vanquished.

Vanquished Creatures (others)
  5 toadstools (D:3)
5 creatures vanquished.

Grand Total: 110 creatures vanquished

Notes
Turn   | Place    | Note
-------+----------+-------------------------------------------
     0 | D:1      | NinjaNoafa the Gargoyle Earth Elementalist began the quest
                  | for the Orb.
     0 | D:1      | Reached XP level 1. HP: 10/10 MP: 3/3
   239 | D:1      | Reached XP level 2. HP: 15/15 MP: 3/5
   918 | D:1      | Reached XP level 3. HP: 15/19 MP: 3/7
  1204 | D:2      | Noticed Natasha
  1232 | D:2      | Killed Natasha
  1235 | D:2      | Reached XP level 4. HP: 16/24 MP: 7/9
  1384 | D:2      | Learned a level 2 spell: Passwall
  1462 | D:2      | Noticed Natasha
  1464 | D:2      | Found a faded altar of an unknown god.
  1472 | D:2      | Killed Natasha
  1699 | D:2      | Noticed Natasha
  1705 | D:2      | Killed Natasha
  1706 | D:2      | Reached XP level 5. HP: 16/28 MP: 9/12
  2017 | D:3      | Learned a level 3 spell: Stone Arrow
  2178 | D:3      | Reached skill level 5 in Spellcasting
  2558 | D:3      | Reached skill level 1 in Conjurations
  2908 | D:3      | Found a sacrificial altar of Ru.
  3095 | D:4      | Noticed Ijyb
  3102 | D:4      | Killed Ijyb
  3103 | D:4      | Reached XP level 6. HP: 29/32 MP: 0/13
  3672 | D:4      | Reached skill level 5 in Earth Magic
  3945 | D:4      | Noticed Menkaure
  3947 | D:4      | Killed Menkaure
  3948 | D:4      | Reached XP level 7. HP: 29/36 MP: 7/14
  4049 | D:4      | Found a broken altar of Ashenzari.
  4053 | D:4      | Found a glowing golden altar of the Shining One.
  4053 | D:4      | Found a shimmering blue altar of Sif Muna.
  4061 | D:4      | Found an opulent altar of Gozag.
  4064 | D:4      | Found a basalt altar of Yredelemnul.
  4111 | D:4      | Became a worshipper of Gozag Ym Sagoz the Greedy
  4354 | D:5      | Entered Level 5 of the Dungeon
  4354 | D:5      | Found a sand-covered staircase.
  4380 | D:5      | Reached skill level 5 in Conjurations
  4380 | D:5      | Reached skill level 1 in Transmutations
  4409 | Ossuary  | Entered an ossuary
  4409 | Ossuary  | Noticed a wraith
  4409 | Ossuary  | Noticed a wraith
  4409 | Ossuary  | Noticed a wraith
  4933 | Ossuary  | Noticed a wraith
  4947 | Ossuary  | HP: 1/36 [wraith (11)]
  4947 | Ossuary  | Slain by a wraith

Illustrated notes

Levels and vault maps discovered:
D:1:      scummos_arrival_hexagon, layout_basic
D:2:      layout_basic, shapermc_ecumenical_altar_starsandcircs,
          grunt_ministairs_3, uniq_natasha
D:3:      layout_basic, nicolae_ru_the_path_less_chosen,
          minmay_gold_behind_fungi, kennysheep_path_1
D:4:      layout_gridville, minmay_overflow_temple_star_hex,
          minmay_close_crescents, uniq_menkaure, uniq_ijyb
D:5:      layout_cave_pools, kennysheep_little_box, minmay_temple_entry_arrows,
          enter_ossuary_3, cheibrodos_sewer_entry_drain
Ossuary:  ossuary_kennysheep_city_of_the_dead

Skill      XL: |  1  2  3  4  5  6  7 |
---------------+----------------------+-----
Spellcasting   | 3 4 5 |  5.0
Conjurations   | 1 4 5 |  5.0
Earth Magic    | 4 5 |  5.0
Transmutations | 2 |  2.9
Dodging        | |  1.5
Stealth        | |  2.1

Action                   |  1- 3 |  4- 6 |  7- 9 || total
-------------------------+-------+-------+-------++-------
Melee: Spear             |     9 |       |       ||     9
       Dagger            |     3 |     6 |       ||     9
       Staff             |       |    27 |    27 ||    54
 Cast: Sandblast         |    37 |    88 |    23 ||   148
       Stone Arrow       |       |     9 |    18 ||    27
       Passwall          |       |     2 |     1 ||     3
  Use: Potion            |     1 |       |       ||     1
 Stab: Sleeping          |     1 |       |       ||     1
Armor: Robe              |    11 |    32 |    22 ||    65
Dodge: Dodged            |    22 |    57 |    54 ||   133

Table legend: (Time is in decaauts)
 A = Elapsed time spent in this place.
 B = Non-inter-level travel time spent in this place.
 C = Inter-level travel time spent in this place.
 D = Time resting spent in this place.
 E = Time spent auto-exploring this place.
 F = Levels seen in this place.
 G = Mean time per level.
                   A        B        C        D        E       F      G
               +--------+--------+--------+--------+--------+-----+--------+
         Total |   5054 |   4814 |    240 |      0 |   3952 |   6 |  842.3 |
       Dungeon |   4500 |   4260 |    240 |      0 |   3547 |   5 |  900.0 |
       Ossuary |    554 |    554 |      0 |      0 |    405 |   1 |  554.0 |
               +--------+--------+--------+--------+--------+-----+--------+

Top non-repeatable levels by time:
     D:4: 1278 daAuts
     D:3: 1196 daAuts
     D:1: 1190 daAuts
     D:2: 774 daAuts
 Ossuary: 554 daAuts
     D:5: 59 daAuts
